 Dungeon Crawl Stone Soup version 0.17.1-2-g5865329 (webtiles) character file.

7726 Peloso the Blocker (level 11, -15/97 HPs)
             Began as a Minotaur Fighter on Feb 7, 2016.
             Was a High Priest of Okawaru.
             Killed from afar by a salamander stormcaller (45 damage)
             ... with a great blast of fire
             ... on level 1 of the Abyss.
             The game lasted 00:39:28 (7599 turns).

Peloso the Blocker (Minotaur Fighter)               Turns: 7599, Time: 00:39:28

Health: -15/97     AC: 17    Str: 22    XL:     11   Next: 0%
Magic:  10/10      EV:  8    Int:  5    God:    Okawaru [*****.]
Gold:   622        SH: 12    Dex: 12    Spells: 0 memorised, 10 levels left

rFire  . . .     SeeInvis .     a - +0 long sword
rCold  + . .     Clarity  .     u - +0 plate armour
rNeg   . . .     SustAt   +     c - +0 shield
rPois  .         Gourm    .     o - +2 hat
rElec  .         Spirit   .     (no cloak)
rCorr  .         Warding  .     (no gloves)
rMut   .         Stasis   .     y - +0 pair of boots {Fly}
MR     .....                    (no amulet)
Stlth  ..........               (no ring)
                                A - ring of sustain attributes

@: flying, not resistant to hostile enchantments, extremely unstealthy
A: retaliatory headbutt, horns 2, cold resistance 1
a: Heroism, Finesse, Renounce Religion, Stop Flying


You were on level 1 of the Abyss.
You worshipped Okawaru.
Okawaru was extremely pleased with you.
You were not hungry.

You visited 2 branches of the dungeon, and saw 10 of its levels.
You visited the Abyss 1 time.
You also visited: Bailey.

You collected 642 gold pieces.
You spent 20 gold pieces at shops.

Inventory:

Hand Weapons
 a - a +0 long sword (weapon)
 b - a +0 demon whip
 g - a +3 trident
 w - a +0 whip of flaming
Armour
 c - a +0 shield (worn)
 o - a +2 hat (worn)
 u - a +0 plate armour (worn)
 y - a +0 pair of boots of flying (worn)
Jewellery
 A - a ring of sustain attributes (left hand)
Wands
 C - a wand of draining (0)
Scrolls
 f - a scroll of enchant armour {unknown}
 i - 2 scrolls of identify
 k - 3 scrolls of noise {unknown}
 l - 6 scrolls of remove curse
 m - a scroll of teleportation {unknown}
 E - 2 scrolls of amnesia
Potions
 p - a potion of agility {unknown}
 r - a potion of invisibility {unknown}
 s - a potion of haste {unknown}
 t - 2 potions of ambrosia
 v - a potion of berserk rage {unknown}
 B - 3 potions of resistance
 D - 2 potions of curing
Comestibles
 e - 9 bread rations
 h - 8 slices of pizza
 j - 2 beef jerkies
 n - a royal jelly
 z - 5 meat rations


   Skills:
 + Level 9.1 Fighting
 + Level 10.5 Long Blades
 + Level 9.3 Armour
 + Level 5.7 Dodging
 + Level 0.8 Stealth
 + Level 11.3 Shields
 + Level 0.8 Invocations


You had 10 spell levels left.
You didn't know any spells.

Dungeon Overview and Level Annotations

Branches:
Dungeon (9/15)             Temple (1/1) D:6            Lair (0/8) D:9
    Orc: D:9-12

Altars:
Ashenzari
Cheibriados
Dithmenos
Elyvilon
Fedhas
Gozag
Kikubaaqudgha
Makhleb
Nemelex Xobeh
Okawaru
Qazlal
Ru
Sif Muna
Trog
Vehumet
Xom
Yredelemnul
Zin
The Shining One

Shops:
D:4 !*[!(   D:5 ?


Innate Abilities, Weirdness & Mutations

You reflexively headbutt those who attack you in melee.
You have a pair of horns on your head.
Your flesh is cold resistant.


Message History

The apocalypse crab breathes chaos at you.
You are engulfed in seething chaos.
You are engulfed in seething chaos.
Wisps of poison gas drift from your hands.
The apocalypse crab breathes chaos at you.
The blast of chaos engulfs you!
The acid burns!
* * * LOW HITPOINT WARNING * * *
A small abomination comes into view.
You block the small abomination's attack. x2
A large abomination comes into view.
Found 45 gold pieces.
The salamander stormcaller begins to chant a fire storm spell!
A large abomination comes into view.
You block the small abomination's attack.
A rakshasa comes into view. It is wielding a trident.
The rakshasa weaves an illusion.
The large abomination shimmers and seems to become two!
The salamander stormcaller casts a spell at you.
A raging storm of fire appears!
The great blast of fire engulfs you!
You die...

#.# ##.###.#.≈##.≈≈≈
...###...#.#. #..#≈.≈≈
.. .#.....N##... # ..
...........#≈..# #≈≈≈≈
....#......# .#. ≈ ≈≈#
#...###.t.#.## ≈≈ . ≈
##.# ##.##.#≈≈ ###.#
#.. ##x..#.####... ...
.§ #@.......#.......
.............####.#.##
# #....$#....X.# # ###
# ##.XX###...#.# #
##.# ##.##... ### #..
... .... #R. .... ...
.. ....


You could see a salamander stormcaller, a rakshasa, an apocalypse crab, 3 large
abominations and a small abomination.

Vanquished Creatures
  Pikel (D:8)
  2 trolls (D:9)
  3 two-headed ogres
  Sigmund (D:3)
  A human (D:8)
  A hungry ghost (D:8)
  A steam dragon (D:9)
  4 wolves (D:9)
  11 orc warriors
  3 ice beasts
  4 ogres
  The ghost of SedStubbie the Skirmisher, an amateur OpGl (D:3)
  2 phantoms
  3 centaurs
  12 big kobolds (D:8)
  A small abomination (Abyss:1)
  A giant frog (D:7)
  The ghost of Metrazal the Sneak, an amateur SpAs (D:4)
  4 scorpions
  3 wights (D:6)
  4 crimson imps
  12 killer bees
  A giant frog zombie (D:7)
  3 hounds (D:9)
  A jelly (D:9)
  2 orc priests
  Ijyb (D:2)
  2 orc wizards (D:4)
  A giant frog skeleton (D:8)
  6 iguanas
  Natasha (thrice) (D:3)
  6 worker ants
  A hound skeleton (D:7)
  A worker ant zombie (D:6)
  9 adders
  4 gnolls (D:4)
  2 shadow imps (D:8)
  An ufetubus (Abyss:1)
  3 oozes
  7 worms
  5 giant geckos
  46 orcs
  7 hobgoblins
  3 jackals (D:7)
  20 kobolds
  3 ball pythons
  4 bats
  5 giant newts
  17 goblins
  A jackal skeleton (D:5)
  4 quokkas
  A quokka skeleton (D:5)
  11 rats
257 creatures vanquished.

Vanquished Creatures (others)
  A hungry ghost (D:8)
  A giant frog (D:8)
  A kobold (D:8)
3 creatures vanquished.

Grand Total: 260 creatures vanquished

Notes
Turn   | Place    | Note
--------------------------------------------------------------
     0 | D:1      | Peloso the Minotaur Fighter began the quest for the Orb.
     0 | D:1      | Reached XP level 1. HP: 19/19 MP: 0/0
   268 | D:1      | Reached XP level 2. HP: 21/27 MP: 1/1
   343 | D:1      | Reached skill level 4 in Fighting
   801 | D:2      | Reached XP level 3. HP: 33/33 MP: 2/2
   821 | D:2      | Noticed Ijyb
   833 | D:2      | Killed Ijyb
   864 | D:2      | Found an opulent altar of Gozag.
  1062 | D:2      | Reached XP level 4. HP: 40/40 MP: 3/3
  1398 | D:3      | Noticed SedStubbie's ghost (amateur OpGl)
  1760 | D:3      | Killed SedStubbie's ghost
  1760 | D:3      | Reached skill level 1 in Dodging
  1760 | D:3      | Reached skill level 5 in Shields
  1760 | D:3      | Reached XP level 5. HP: 35/47 MP: 4/4
  1824 | D:3      | Found a white marble altar of Elyvilon.
  1938 | D:3      | Noticed Sigmund
  1956 | D:3      | Killed Sigmund
  1956 | D:3      | Reached skill level 5 in Fighting
  1956 | D:3      | Reached skill level 5 in Armour
  1956 | D:3      | Reached XP level 6. HP: 54/56 MP: 5/5
  2041 | D:3      | Noticed Natasha
  2056 | D:3      | Killed Natasha
  2107 | D:3      | Found a shimmering altar of Xom.
  2107 | D:3      | Found a radiant altar of Vehumet.
  2108 | D:3      | Found a stormy altar of Qazlal.
  2132 | D:3      | Noticed Natasha
  2139 | D:3      | Killed Natasha
  2242 | D:3      | Noticed Natasha
  2246 | D:3      | Killed Natasha
  2410 | D:3      | Found a bloodstained altar of Trog.
  2752 | D:4      | Found a shadowy altar of Dithmenos.
  2790 | D:4      | Found Jittum's Armour Shoppe.
  2803 | D:4      | Found Miplupri's Distillery.
  2861 | D:4      | Found Eqeil's Antique Weapon Boutique.
  3152 | D:4      | Noticed Metrazal's ghost (amateur SpAs)
  3156 | D:4      | Reached XP level 7. HP: 61/61 MP: 6/6
  3162 | D:4      | Killed Metrazal's ghost
  3169 | D:4      | Reached skill level 6 in Armour
  3249 | D:4      | Found Toffoj's Distillery.
  3327 | D:4      | Found Plog's Assorted Antiques.
  3491 | D:4      | Reached skill level 5 in Long Blades
  3549 | D:5      | Entered Level 5 of the Dungeon
  3873 | D:5      | Found a deep blue altar of Sif Muna.
  3877 | D:5      | Reached XP level 8. HP: 69/69 MP: 7/7
  4000 | D:5      | Found an ancient bone altar of Kikubaaqudgha.
  4010 | D:5      | Found Ecru's Magic Scroll Emporium.
  4047 | D:5      | Bought a scroll of identify for 20 gold pieces
  4241 | D:5      | Gained mutation: Your flesh is cold resistant. [potion of beneficial mutation]
  4288 | D:6      | Reached skill level 7 in Armour
  4306 | D:6      | Found a staircase to the Ecumenical Temple.
  4327 | Temple   | Entered the Ecumenical Temple
  4335 | Temple   | Became a worshipper of Warmaster Okawaru
  5027 | D:7      | Reached * piety under Okawaru
  5046 | D:7      | Reached skill level 8 in Shields
  5046 | D:7      | Reached XP level 9. HP: 39/78 MP: 8/8
  5220 | D:7      | Found a glowing golden altar of the Shining One.
  5273 | D:7      | Found a sparkling altar of Nemelex Xobeh.
  5633 | D:8      | Reached ** piety under Okawaru
  5769 | D:8      | Noticed Pikel
  5784 | D:8      | Killed Pikel
  5784 | D:8      | Reached skill level 5 in Dodging
  5785 | D:8      | Reached skill level 9 in Shields
  5990 | D:8      | Reached XP level 10. HP: 85/88 MP: 9/9
  6011 | D:8      | Reached *** piety under Okawaru
  6166 | D:8      | Found a sparkling altar of Nemelex Xobeh.
  6431 | D:9      | Reached skill level 10 in Shields
  6626 | D:9      | Reached **** piety under Okawaru
  6659 | D:9      | Found a staircase to the Lair.
  6700 | D:9      | Reached skill level 10 in Long Blades
  6751 | D:9      | HP: 4/90 [electric eel/bolt of electricity (9)]
  6756 | D:9      | HP: 3/90 [poisoned by a centaur]
  6762 | D:9      | HP: 2/90 [poisoned by a centaur]
  6770 | D:9      | HP: 2/90 [poisoned by a centaur]
  6919 | D:9      | Reached skill level 11 in Shields
  6960 | D:9      | Found a flagged portal.
  7030 | Bailey   | Entered a bailey
  7286 | Bailey   | Reached ***** piety under Okawaru
  7470 | Bailey   | Noticed an orc knight
  7476 | Bailey   | Noticed an orc knight
  7497 | Bailey   | Cast into the Abyss (orc)
  7537 | Abyss:1  | Found a shattered altar of Ashenzari.
  7555 | Abyss:1  | Found a corrupted altar of Lugonu.
  7570 | Abyss:1  | Reached XP level 11. HP: 31/97 MP: 10/10
  7586 | Abyss:1  | Noticed a salamander stormcaller
  7598 | Abyss:1  | Noticed a rakshasa
  7599 | Abyss:1  | Killed from afar by a salamander stormcaller

Action                   |  1- 3 |  4- 6 |  7- 9 | 10-12 || total
-------------------------+-------+-------+-------+-------++-------
Melee: Long sword        |    65 |   144 |   362 |   352 ||   923
Invok: Heroism           |       |       |       |     4 ||     4
Evoke: Wand              |       |       |       |     2 ||     2
  Use: Potion            |       |     2 |     1 |     7 ||    10
       Scroll            |       |       |    15 |     3 ||    18
  Eat: Chunk             |       |     7 |    13 |     6 ||    26
